 Dungeon Crawl Stone Soup version 0.30.0-30-g96aa6591b8 (webtiles) character file.

Game seed: 4416869644219796624

11502 GeoRichter the Basher (level 12, 0/98 HPs)
             Began as a Formicid Chaos Knight on June 29, 2023.
             Was an Elder of the Shining One.
             Blown up by an eye of devastation (26 damage)
             ... with a bolt of energy
             ... in a Gauntlet.
             The game lasted 00:24:02 (8508 turns).

GeoRichter the Basher (Formicid Chaos Knight)       Turns: 8508, Time: 00:24:02

Health: 0/98       AC: 17    Str: 19    XL:     12   Next: 8%
Magic:  18/18      EV: 10    Int: 11    God:    the Shining One [****..]
Gold:   612        SH: 10    Dex: 23    Spells: 11/11 levels left

rFire   + . .        b - +0 lajatang
rCold   . . .        e - +0 kite shield
rNeg    + + .        M - +0 plate armour
rPois   .            (helmet unavailable)
rElec   .            w - +0 cloak
rCorr   .            n - +0 pair of gloves
SInv    +            H - +0 pair of boots
Will    +....        (no amulet) Stlth
                     s - +5 ring of evasion
HPRegen 0.36/turn    G - +6 ring of dexterity
MPRegen 0.16/turn

%: no passive effects
@: glowing
A: permanent stasis, dig shafts and tunnels, antennae 3, four strong arms, agile
1, fire resistance 1, weak 1
a: Dig, Renounce Religion, Divine Shield, Cleansing Flame


You were in a Gauntlet.
You worshipped the Shining One.
The Shining One was greatly pleased with you.
You visited 1 branch of the dungeon, and saw 10 of its levels.
You also visited: Ossuary and Gauntlet.

You collected 612 gold pieces.

Inventory:

Hand Weapons
 a - a +0 morningstar
   (You took it off Blork the orc on level 5 of the Dungeon)
 b - a +0 lajatang (weapon)
   (You found it on level 6 of the Dungeon)
Armour
 e - a +0 kite shield (worn)
   (You took it off a gnoll sergeant on level 9 of the Dungeon)
 n - a +0 pair of gloves (worn)
   (You found it on level 2 of the Dungeon)
 w - a +0 cloak (worn)
   (You found it on level 3 of the Dungeon)
 H - a +0 pair of boots (worn)
   (You found it on level 7 of the Dungeon)
 M - a +0 plate armour (worn)
   (You found it on level 9 of the Dungeon)
Magical Staves
 g - the staff of poison "Lokhuz" {rPois Will+ Str+4}
   (You took it off a kobold on level 9 of the Dungeon)

   [staff of poison]

   Base accuracy: +5 Base damage: 5 Base attack delay: 1.2 This weapon's minimum
   attack delay (0.6) is reached at skill level 12.
   Str:       It affects your strength (+4).
   rPois:     It protects you from poison.
   Will:      It increases your willpower.
   It falls into the 'Staves' category.
   It is a weapon for one hand-pair.
Jewellery
 s - a +5 ring of evasion (left hand)
   (You found it on level 3 of the Dungeon)
 G - a +6 ring of dexterity (right hand)
   (You found it on level 2 of the Dungeon)
Wands
 t - a wand of quicksilver (7)
   (You found it on level 5 of the Dungeon)
 x - a wand of iceblast (6)
   (You took it off a kobold on level 3 of the Dungeon)
 y - a wand of mindburst (4)
   (You found it on level 8 of the Dungeon)
 A - a wand of digging (6)
   (You found it on level 4 of the Dungeon)
 K - a wand of polymorph (8)
   (You took it off Pikel on level 8 of the Dungeon)
 L - a wand of charming (7)
   (You found it on level 9 of the Dungeon)
Scrolls
 h - 3 scrolls of enchant weapon
 j - 2 scrolls of amnesia
 m - 7 scrolls of fear
 o - a scroll of poison {unknown}
 p - a scroll of silence {unknown}
 v - a scroll of vulnerability {unknown}
 z - 5 scrolls of magic mapping
 B - a scroll of torment {unknown}
 D - 2 scrolls of fog
 E - 2 scrolls of immolation {!r}
 J - a scroll of noise {unknown}
 N - a scroll of brand weapon {unknown}
 O - 2 scrolls of enchant armour
 P - a scroll of identify {@r1}
 Q - a scroll of acquirement {unknown}
Potions
 d - 3 potions of cancellation
 f - a potion of might
 i - 2 potions of resistance {unknown}
 k - 7 potions of flight
 l - a potion of attraction {unknown}
 r - 3 potions of degeneration {unknown}
 C - a potion of haste {unknown}
 F - 4 potions of curing {@q1}
 I - 2 potions of berserk rage {unknown}
Miscellaneous
 c - a piece from Xom's chessboard (15/15) (quivered)


   Skills:
 + Level 10.4 Fighting
 * Level 11.1(11.9) Maces & Flails
 - Level 7.1(10.1) Staves
 + Level 6.9 Armour
 - Level 0.8 Dodging
 + Level 2.4 Shields
 + Level 8.0 Invocations
 - Level 3.0 Evocations


You had 11 spell levels left.
You didn't know any spells.
Your spell library contained the following spells:

 Spells                   Type           Power      Damage    Failure   Level
 Ensorcelled Hibernation  Hex/Ice        0%         N/A       100%        2
 Lesser Beckoning         Tloc           0%         N/A       100%        2
 Momentum Strike          Conj/Tloc      0%         3d8       100%        2
 Frozen Ramparts          Ice            0%         1d1       100%        3
 Ignite Poison            Fire/Tmut/Pois 0%         N/A       100%        3
 Inner Flame              Hex/Fire       0%         N/A       100%        3
 Ozocubu's Armour         Ice            0%         N/A       100%        3
 Portal Projectile        Hex/Tloc       0%         N/A       100%        3
 Tukima's Dance           Hex            0%         N/A       100%        3
 Volatile Blastmotes      Fire/Tloc      0%         2d10      100%        3
 Fulminant Prism          Conj/Hex       0%         3d5       100%        4
 Ice Form                 Ice/Tmut       0%         N/A       100%        4
 Iskenderun's Mystic Bla  Conj/Tloc      0%         2d3       100%        4
 Sticky Flame             Conj/Fire      0%         2d3       100%        4
 Summon Ice Beast         Ice/Summ       0%         N/A       100%        4
 Arcjolt                  Conj/Air       0%         1d10      100%        5
 Lee's Rapid Deconstruct  Erth           0%         3d4*      100%        5
 Silence                  Hex/Air        0%         N/A       100%        5
 Yara's Violent Unravell  Hex/Tmut       0%         3d3       100%        5
 Plasma Beam              Fire/Air       0%         2x1d11    100%        6
 Enfeeble                 Hex            0%         N/A       100%        7
 Ozocubu's Refrigeration  Ice            0%         4d7       100%        7
 Ignition                 Fire           0%         3d3       100%        8
 Blink                    Tloc           Unusable   N/A       N/A         2
 Vhi's Electric Charge    Tloc/Air       Unusable   N/A       N/A         3

Dungeon Overview and Level Annotations

Branches:
Dungeon (12/15) Zot: 26798  Temple (0/1) D:5            Lair (0/5) D:9
    Orc (0/2) D:12        Ossuary (visited)         Gauntlet (1/1) Zot: 5621

Altars:
Ashenzari
Cheibriados
Elyvilon
Fedhas
Gozag
Kikubaaqudgha
Nemelex Xobeh
Ru
Sif Muna
Xom
The Shining One

Annotations:
D:5 2 transporters, Tyszek's ghost, amateur MiDe
D:9 2 runed translucent doors Gauntlet 7 transporters


Innate Abilities, Weirdness & Mutations

You cannot be hasted, slowed, berserked, paralysed or teleported.
You can dig through walls and to a lower floor.
You have a pair of large antennae on your head. (SInv)
Your four strong arms can wield two-handed weapons with a shield.
You are agile. (Dex +4, Str/Int -1)
Your flesh is heat resistant. (rF+)
You are weak. (Str -2)


Message History

You easily resist.
You are too confused!
You are too confused!
You barely miss the golden eye.
The golden eye blinks!
Unknown command.
You slash the golden eye!
You kill the golden eye!
The golden eye blinks at you.
You are more confused.
You slash the golden eye!
The golden eye is severely wounded.
The golden eye blinks at you.
You are more confused.
You bump into the rock wall.
You slice the golden eye!!
You kill the golden eye!
Your Invocations skill increases to level 8!
You slash the eye of devastation!
The eye of devastation is lightly wounded.
You hit the eye of devastation.
The eye of devastation is moderately wounded.
The eye of devastation gazes at you. The bolt of energy hits you!!!
Unknown command.
Unknown command.
You bump into the translucent stone wall.
You hit the eye of devastation but do no damage.
The eye of devastation is moderately wounded.
The eye of devastation gazes at you. The bolt of energy hits you!!
* * * LOW HITPOINT WARNING * * *
Unknown command.
You feel better. The eye of devastation gazes at you.
The bolt of energy hits you!!
* * * LOW HITPOINT WARNING * * *
You slice the eye of devastation!!
The eye of devastation is severely wounded.
You hit the eye of devastation.
The eye of devastation is severely wounded.
The eye of devastation gazes at you. The bolt of energy misses you.
Unknown command.
You hit the eye of devastation.
The eye of devastation is severely wounded.
You hit the eye of devastation but do no damage.
The eye of devastation is severely wounded.
The eye of devastation gazes at you. The bolt of energy hits you!!
You die...

### ### ### ### ### ### #8#
#8# #8# #8# #8# #8#
##########################
........................≈###
.........................#8#
#########...###########..###
...©....#.8.#......#.?#..#
##...##.#...#...G.#...#..###
#.###.#.######..@.#...#..#8#
.##.##..#...#.##©#....#..###
...©.†..#©.©#...###..©#..#
.##.##..#...#....#.##[#..###
#.###.#.#####...#....##..#8#
##...##.#...#...#.....#..###
........#...#..#......#..#
#########...###########..###
.#.©.#....≈....#.©.#.....#8#


You could see an eye of devastation.

Vanquished Creatures
  A boulder beetle (D:8)
  2 two-headed ogres
  Pikel (D:8)
  A wizard (Gauntlet)
  A deep elf pyromancer (D:9)
  A wolf spider (D:9)
  A manticore (D:9)
  A mana viper (shapeshifter) (D:5)
  A moth of wrath (Gauntlet)
  A troll (D:9)
  2 hornets
  A shadow (D:9)
  2 wyverns (D:9)
  2 yaks (D:9)
  2 golden eyes (Gauntlet)
  A steam dragon (D:9)
  2 water moccasins
  2 acid dragons (D:9)
  2 orc warriors
  2 ice beasts
  A sky beast (D:6)
  2 hornet zombies (Ossuary)
  3 wolves (Gauntlet)
  6 centaurs
  Blork the orc (D:5)
  3 kobold brigands
  7 bullfrogs
  2 gnoll sergeants
  4 scorpions (D:5)
  8 wights
  3 wyvern zombies (Ossuary)
  Dowan (D:5)
  3 killer bees (D:9)
  4 howler monkeys
  An electric eel (D:8)
  2 centaur zombies (Ossuary)
  5 bullfrog zombies (Ossuary)
  A jelly (D:5)
  2 hounds (D:5)
  5 orc priests
  2 sleepcaps
  8 orc wizards
  3 iguanas
  2 killer bee zombies (Ossuary)
  A centaur simulacrum (D:9)
  16 mummies
  2 howler monkey zombies (Ossuary)
  3 gnolls (D:7)
  9 adders
  A shadow imp (Gauntlet)
  2 ufetubi
  2 worms (D:4)
  2 dart slugs
  22 orcs
  2 endoplasms
  3 giant cockroaches
  8 goblins
  9 hobgoblins
  5 jackals
  3 quokkas
  8 ball pythons
  10 bats
  3 frilled lizards
  13 kobolds
  5 rats
237 creatures vanquished.

Vanquished Creatures (collateral kills)
  A ball python (D:4)
  An endoplasm (D:4)
2 creatures vanquished.

Vanquished Creatures (others)
  An orc wizard (D:6)
1 creature vanquished.

Grand Total: 240 creatures vanquished

Notes
Turn   | Place    | Note
-------+----------+-------------------------------------------
     0 | D:1      | GeoRichter the Formicid Chaos Knight began the quest for
                  | the Orb.
     0 | D:1      | Reached XP level 1. HP: 18/18 MP: 1/1
    87 | D:1      | Reached XP level 2. HP: 24/24 MP: 2/2
    93 | D:1      | XOM: silly message
   136 | D:1      | XOM is BORED!
   149 | D:1      | XOM: stat loss: -1 Int (10/11)
   287 | D:1      | Reached XP level 3. HP: 30/30 MP: 3/3
   737 | D:2      | Reached skill level 4 in Maces & Flails
   880 | D:2      | Reached XP level 4. HP: 37/37 MP: 4/4
   915 | D:2      | Identified the +1 leather armour "Vykh" {-Tele rN+ Regen+
                  | Stlth+}
  1058 | D:2      | You fall into a shaft and drop 2 floors!
  1244 | D:3      | XOM: summons 3 hostile demons
  1245 | D:3      | Noticed a soul eater
  1245 | D:3      | Noticed a smoke demon
  1267 | D:2      | XOM: torment (22/37 hp)
  1383 | D:2      | XOM: give mutations
  1383 | D:2      | Gained mutation: You do not regenerate when monsters are
                  | visible. [Xom's mischief]
  1383 | D:2      | Gained mutation: Your movements are slightly less
                  | encumbered by armour. (ER -2) [Xom's mischief]
  1659 | D:3      | Found a white marble altar of Elyvilon.
  1697 | D:3      | Reached XP level 5. HP: 31/42 MP: 5/5
  1767 | D:3      | XOM: scenery: create altars
  1784 | D:3      | XOM: god gift: wand of mindburst (5)
  1962 | D:3      | Found a snail-covered altar of Cheibriados.
  1983 | D:3      | XOM: scenery: create altars
  2031 | D:3      | XOM: god gift: 12 gold pieces
  2066 | D:3      | XOM: give mutations
  2066 | D:3      | Gained mutation: You expend magic power (3 MP) to
                  | strengthen your wands. [Xom's grace]
  2066 | D:3      | Gained mutation: You passively dampen the noise of your
                  | surroundings. [Xom's grace]
  2066 | D:3      | Gained mutation: You are partially covered in large bone
                  | plates. (SH +4) [Xom's grace]
  2417 | D:4      | Reached skill level 5 in Maces & Flails
  2479 | D:4      | XOM: cloud trail
  2568 | D:4      | Found a glowing golden altar of the Shining One.
  2573 | D:4      | XOM: polymorph ball python -> adder
  2642 | D:4      | XOM: cast spell 'Monstrous Menagerie'
  2670 | D:4      | Found a blossoming altar of Fedhas.
  2683 | D:4      | Reached XP level 6. HP: 35/49 MP: 6/6
  2937 | D:4      | XOM: give mutations
  2937 | D:4      | Gained mutation: You are clumsy. (Dex -2) [Xom's mischief]
  2937 | D:4      | Lost mutation: You expend magic power (3 MP) to strengthen
                  | your wands. [Xom's mischief]
  3083 | D:5      | Entered Level 5 of the Dungeon
  3083 | D:5      | Found a staircase to the Ecumenical Temple.
  3093 | D:5      | Reached skill level 5 in Fighting
  3112 | D:5      | Noticed Dowan
  3114 | D:5      | Noticed Duvessa
  3116 | D:5      | Killed Dowan
  3117 | D:5      | Reached skill level 6 in Maces & Flails
  3119 | D:5      | Duvessa changed into Duvessa the glowing shapeshifter
  3119 | D:5      | Noticed Duvessa (glowing shapeshifter)
  3119 | D:5      | XOM: polymorph Duvessa -> Duvessa the glowing shapeshifter
  3119 | D:5      | Duvessa the glowing shapeshifter changed into Duvessa the
                  | orb spider
  3119 | D:5      | Noticed Duvessa (glowing shapeshifter)
  3122 | D:5      | Duvessa the orb spider changed into Duvessa the sea snake
  3122 | D:5      | Noticed Duvessa (glowing shapeshifter)
  3124 | D:5      | XOM: summons friendly ufetubus
  3132 | D:5      | Duvessa the sea snake changed into Duvessa the glowing
                  | shapeshifter
  3132 | D:5      | Noticed Duvessa (glowing shapeshifter)
  3132 | D:5      | XOM: polymorph Duvessa the sea snake -> Duvessa the glowing
                  | shapeshifter
  3132 | D:5      | Duvessa the glowing shapeshifter changed into Duvessa the
                  | glowing orange brain
  3132 | D:5      | Noticed Duvessa (glowing shapeshifter)
  3135 | D:5      | Duvessa the glowing orange brain changed into Duvessa the
                  | mana viper
  3135 | D:5      | Noticed Duvessa (glowing shapeshifter)
  3136 | D:5      | Killed Duvessa the mana viper
  3137 | D:5      | Reached skill level 7 in Maces & Flails
  3137 | D:5      | Reached XP level 7. HP: 11/58 MP: 7/7
  3137 | D:5      | Reached XP level 8. HP: 12/64 MP: 8/8
  3163 | D:4      | XOM: scenery: create altars
  3202 | D:5      | Found a shimmering blue altar of Sif Muna.
  3251 | D:4      | Fell from the grace of Xom
  3251 | D:4      | Became a worshipper of the Shining One
  3365 | D:5      | Reached skill level 8 in Maces & Flails
  3617 | D:5      | Found a transporter.
  3620 | D:5      | Found a transporter.
  3620 | D:5      | Noticed Tyszek's ghost (amateur MiDe)
  3644 | D:5      | Noticed Blork the orc
  3649 | D:5      | Killed Blork the orc
  3843 | D:5      | Reached skill level 9 in Maces & Flails
  3843 | D:5      | Reached XP level 9. HP: 72/72 MP: 9/9
  3873 | D:6      | Reached skill level 1 in Invocations
  3934 | D:6      | Reached skill level 1 in Evocations
  4170 | D:6      | XOM: give mutation
  4170 | D:6      | Gained mutation: Your spells are a little easier to cast,
                  | but a little less powerful. [Xom's mischief]
  4249 | D:6      | Found a sparkling altar of Nemelex Xobeh.
  4308 | D:6      | XOM: torment (42/73 hp)
  4519 | D:7      | Found a broken altar of Ashenzari.
  4535 | D:7      | Reached skill level 1 in Staves
  4661 | D:7      | Reached * piety under the Shining One
  4748 | D:7      | XOM: draining
  4791 | D:7      | Found an ancient bone altar of Kikubaaqudgha.
  4940 | D:7      | Found a sand-covered staircase.
  4950 | Ossuary  | Entered an ossuary
  5094 | Ossuary  | Reached ** piety under the Shining One
  5153 | Ossuary  | Reached XP level 10. HP: 70/80 MP: 12/12
  5256 | Ossuary  | Reached *** piety under the Shining One
  5940 | D:8      | Reached skill level 5 in Staves
  5971 | D:8      | Reached skill level 5 in Invocations
  6063 | D:8      | XOM: noise
  6119 | D:8      | XOM: noise
  6144 | D:8      | Noticed a two-headed ogre
  6148 | D:8      | Killed a two-headed ogre
  6188 | D:8      | Noticed Pikel
  6200 | D:8      | Killed Pikel
  6352 | D:8      | XOM: divination: detect creatures
  6524 | D:9      | Noticed a two-headed ogre
  6524 | D:9      | Reached **** piety under the Shining One
  6524 | D:9      | XOM: silly message
  6530 | D:9      | Reached skill level 5 in Armour
  6530 | D:9      | Reached XP level 11. HP: 71/89 MP: 15/15
  6535 | D:9      | Killed a two-headed ogre
  6691 | D:9      | Found a large runed translucent door.
  6692 | D:9      | Found a large runed translucent door.
  6714 | D:9      | Found an opulent altar of Gozag.
  6916 | D:9      | Found a staircase to the Lair.
  7019 | D:9      | Noticed a boulder beetle
  7207 | D:9      | Found a sacrificial altar of Ru.
  7343 | D:9      | Noticed a deep elf pyromancer
  7358 | D:9      | Killed a deep elf pyromancer
  7359 | D:9      | Reached skill level 10 in Maces & Flails
  7489 | D:9      | Noticed a wolf spider
  7494 | D:9      | Killed a wolf spider
  7495 | D:9      | Reached skill level 10 in Fighting
  7550 | D:8      | Killed a boulder beetle
  7574 | D:8      | XOM: silly message
  7761 | D:9      | Noticed a manticore
  7848 | D:9      | Identified the staff of poison "Lokhuz" {rPois Will+ Str+4}
  7896 | D:9      | Lost mutation: Your movements are slightly less encumbered
                  | by armour. (ER -2) [potion of mutation]
  7896 | D:9      | Lost mutation: Your spells are a little easier to cast, but
                  | a little less powerful. [potion of mutation]
  7896 | D:9      | Lost mutation: You are clumsy. (Dex -2) [potion of
                  | mutation]
  7904 | D:9      | Killed a manticore
  7905 | D:9      | Reached skill level 1 in Shields
  7913 | D:9      | Noticed a two-headed ogre
  7917 | D:9      | Noticed a deep elf pyromancer
  7930 | D:9      | You fall into a shaft and drop 3 floors!
  7932 | D:12     | XOM: divination: detect items
  8123 | D:12     | Found a gate leading to a gauntlet.
  8132 | Gauntlet | Entered a Gauntlet
  8132 | Gauntlet | Noticed a wizard
  8132 | Gauntlet | Noticed a white ugly thing
  8132 | Gauntlet | Found a transporter.
  8132 | Gauntlet | Found a transporter.
  8133 | Gauntlet | Noticed a great orb of eyes
  8144 | Gauntlet | Found a transporter.
  8146 | Gauntlet | Noticed a moth of wrath
  8154 | Gauntlet | Found a transporter.
  8169 | Gauntlet | Found a transporter.
  8181 | Gauntlet | Found a transporter.
  8194 | Gauntlet | Found a transporter.
  8200 | Gauntlet | Found a transporter.
  8200 | Gauntlet | Noticed an elephant
  8201 | Gauntlet | Noticed an elephant
  8201 | Gauntlet | Noticed an elephant
  8202 | Gauntlet | Noticed an elephant
  8202 | Gauntlet | Noticed an elephant
  8214 | Gauntlet | Found a transporter.
  8231 | Gauntlet | Found a transporter.
  8235 | Gauntlet | Found a transporter.
  8238 | Gauntlet | Noticed a cyan ugly thing
  8273 | Gauntlet | Found a transporter.
  8319 | Gauntlet | Killed a wizard
  8336 | Gauntlet | Got the Codex of Stormy Curses
  8355 | Gauntlet | Killed a moth of wrath
  8356 | Gauntlet | Reached skill level 11 in Maces & Flails
  8356 | Gauntlet | Reached XP level 12. HP: 68/98 MP: 17/17
  8483 | Gauntlet | Lost mutation: You do not regenerate when monsters are
                  | visible. [potion of mutation]
  8483 | Gauntlet | Lost mutation: You passively dampen the noise of your
                  | surroundings. [potion of mutation]
  8483 | Gauntlet | Lost mutation: You are partially covered in large bone
                  | plates. (SH +4) [potion of mutation]
  8483 | Gauntlet | Gained mutation: Your flesh is heat resistant. (rF+)
                  | [potion of mutation]
  8483 | Gauntlet | Gained mutation: You are weak. (Str -2) [potion of
                  | mutation]
  8483 | Gauntlet | Gained mutation: You are agile. (Dex +4, Str/Int -1)
                  | [potion of mutation]
  8508 | Gauntlet | Blown up by an eye of devastation

Illustrated notes

Levels and vault maps discovered:
D:1:      lightli_arrival_quake, layout_loops_ring, minivault_4,
          chequers_hall_statues_y
D:2:      layout_basic
D:3:      layout_loops_ring, overflow_temple_1_default, elyvilon_altar_3,
          chequers_serial_rivers_small_3, chequers_jeans
D:4:      layout_loops_ring, fedhas_ov_isle_minmay,
          nicolae_tso_carved_into_rock, serial_bayou_lake_a
D:5:      layout_rooms, mainiacjoe_overflow_concentric_impassable,
          minmay_temple_entry_mini_moons, gammafunk_ghost_arena,
          uniq_blork_the_orc, uniq_duvessa
D:6:      layout_basic, nemelex_diamond_rough_becter
D:7:      layout_gridville, mainiacjoe_overflow_brackets,
          overflow_temple_1_default, gup_ossuary_entry_pyramid
D:8:      layout_gridville, serial_bayou_pond_d, minivault_4, uniq_pikel
D:9:      nzn_winding_woodlands_stair_cross [nzn_winding_woodlands_5x15_garden,
          nzn_winding_woodlands_center_pierced_h,
          nzn_winding_woodlands_5x15_jagged, nzn_winding_woodlands_5x5_three,
          nzn_winding_woodlands_5x5_cross,
          nzn_winding_woodlands_5x15_lazy_stream,
          nzn_winding_woodlands_center_garden,
          nzn_winding_woodlands_5x15_sidewinder], layout_small_grid,
          nicolae_gozag_seed_capital, jmf_multi_god_temple2,
          nicolae_ru_path_of_blood, lair_entry_dummy
D:12:     layout_gridville, erik_orc_2, gauntlet_entry_generic,
          portal_ice_cave_entry_animals_and_master, uniq_maurice
Gauntlet: gammafunk_gauntlet_shortcut [gammafunk_gauntlet_arena_crates,
          nicolae_gauntlet_arena_blocks, nicolae_gauntlet_arena_x,
          gammafunk_gauntlet_arena_corners, nicolae_gauntlet_swirl,
          gammafunk_gauntlet_arena_hedges, gauntlet_exit_green]

Skill      XL: |  1  2  3  4  5  6  7  8  9 10 11 12 |
---------------+-------------------------------------+-----
Maces & Flails | 4 5 7 9 11 | 11.1
Fighting       | 4 6 7 8 9 10 | 10.4
Invocations    | 3 6 7 8 |  8.0
Evocations     | 3 |  3.0
Staves         | 3 6 7 |  7.1
Armour         | 5 6 |  6.9
Shields        | 2 |  2.4
Dodging        | |  0.8

Action                     |  1- 3 |  4- 6 |  7- 9 | 10-12 || total
---------------------------+-------+-------+-------+-------++-------
  Melee: Mace              |    79 |   142 |       |       ||   221
         Punch             |     1 |       |     3 |     7 ||    11
         Flail             |       |    24 |    60 |       ||    84
         Morningstar       |       |       |   161 |   139 ||   300
         Lajatang          |       |       |       |   221 ||   221
 Invoke: Divine Shield     |       |       |     1 |     3 ||     4
Ability: Shaft Self        |       |       |       |     1 ||     1
  Evoke: Wand              |       |     3 |     3 |     4 ||    10
    Use: Potion            |       |     3 |       |     8 ||    11
         Scroll            |       |       |    10 |     4 ||    14
   Stab: Sleeping          |       |     9 |       |       ||     9
         Paralysed         |       |     1 |       |       ||     1
 Armour: Leather armour    |    45 |    49 |    46 |    27 ||   167
         Skin              |       |       |       |     3 ||     3
         Plate armour      |       |       |       |    71 ||    71
  Dodge: Dodged            |    52 |   106 |   177 |   212 ||   547
  Block: Other             |       |    16 |    44 |    56 ||   116
         Kite shield       |       |       |       |    53 ||    53
